 Dungeon Crawl Stone Soup version 0.31-a0-152-g6aa68a64a1 (webtiles) character file.

Game seed: 4605537799769383351

24357 zazu2006 the Thaumaturge (level 13, -8/93 (99) HPs)
             Began as a Gnoll Wanderer on June 9, 2023.
             Was a High Priest of Vehumet.
             Mangled by an orc warrior
             ... wielding a +0 glaive
              (11 damage)
             ... on level 1 of the Orcish Mines on June 10, 2023.
             The game lasted 00:36:09 (13603 turns).

zazu2006 the Thaumaturge (Gnoll Wanderer)          Turns: 13603, Time: 00:36:10

HP:   -8/93 (99)    AC: 12    Str: 14    XL:     13   Next: 12%
MP:   28/28         EV: 16    Int: 13    God:    Vehumet [*****.]
Gold: 717           SH:  7    Dex: 19    Spells: 32/34 levels left

rFire   . . .        x - +3 greatsling "Punk" {acid, rCorr}
rCold   . . .        b - +0 buckler
rNeg    . . .        s - +3 leather armour {rPois}
rPois   +            (no helmet)
rElec   .            p - +1 cloak
rCorr   +            t - +0 pair of gloves
SInv    .            A - +0 pair of boots
Will    .....        B - amulet of regeneration
Stlth   ++++         o - ring of flight
HPRegen 1.15/turn    f - +6 ring of dexterity
MPRegen 0.21/turn

%: no passive effects
@: flying, drained
A: fangs 1, strong nose, distributed training
a: Renounce Religion


You were on level 1 of the Orcish Mines.
You worshipped Vehumet.
Vehumet was extremely pleased with you.
You visited 4 branches of the dungeon, and saw 17 of its levels.
You also visited: Sewer.

You collected 852 gold pieces.
You spent 135 gold pieces at shops.

Inventory:

Hand Weapons
 a - a +0 hand axe
 x - the +3 greatsling "Punk" (weapon) {acid, rCorr}
   (You found it in a sewer)

   rCorr:     It protects you from acid and corrosion.
 M - the +2 glaive of the Jumping Gods {spect, rF+ MP+9 Int+3}
   (You found it on level 8 of the Dungeon)

   Int:       It affects your intelligence (+3).
   rF:        It protects you from fire.
   MP:        It affects your magic capacity (+9).
Missiles
 K - a throwing net
Armour
 b - a +0 buckler (worn)
 p - a +1 cloak (worn)
 s - a +3 leather armour of poison resistance (worn)
 t - a +0 pair of gloves (worn)
 A - a +0 pair of boots (worn)
 I - +0 acid dragon scales
 J - +0 steam dragon scales
Jewellery
 f - a +6 ring of dexterity (right hand)
 o - a ring of flight (left hand)
 w - a +4 ring of protection
 z - a ring of protection from fire
 B - an amulet of regeneration (around neck)
 H - an amulet of the acrobat
 L - a ring of wizardry
 N - a ring of wizardry
 Q - a ring of see invisible
 T - a ring of resist corrosion
 U - a ring of magical power
Wands
 D - a wand of iceblast (14)
 F - a wand of flame (28)
 O - a wand of digging (2)
 S - a wand of charming (7)
Scrolls
 c - a scroll of blinking
 d - 2 scrolls of poison
 k - 2 scrolls of enchant armour
 l - 7 scrolls of teleportation
 m - 4 scrolls of amnesia
 n - 3 scrolls of magic mapping
 u - a scroll of immolation
 y - 4 scrolls of noise
 P - a scroll of fog {unknown}
 R - 2 scrolls of fear
 W - a scroll of silence
Potions
 e - 8 potions of curing
 g - 2 potions of might {unknown}
 h - 3 potions of brilliance {unknown}
 i - 3 potions of heal wounds
 j - 4 potions of enlightenment
 q - a potion of cancellation
 r - a potion of invisibility {unknown}
 v - 3 potions of haste {unknown}
 E - a potion of mutation {unknown}
 G - a potion of magic {unknown}
 V - a potion of attraction {unknown}


   Skills:
 + Level 8.7 Fighting
 + Level 8.3 Short Blades
 + Level 8.3 Long Blades
 + Level 8.7 Axes
 + Level 8.3 Maces & Flails
 + Level 8.3 Polearms
 + Level 8.3 Staves
 + Level 8.3 Ranged Weapons
 + Level 8.7 Throwing
 + Level 8.3 Armour
 + Level 8.3 Dodging
 + Level 8.3 Stealth
 + Level 9.5 Shields
 + Level 8.3 Unarmed Combat
 + Level 11.0 Spellcasting
 + Level 6.9 Conjurations
 + Level 6.9 Hexes
 + Level 6.9 Summonings
 + Level 8.0 Necromancy
 + Level 6.9 Translocations
 + Level 6.9 Transmutations
 + Level 6.9 Fire Magic
 + Level 6.9 Ice Magic
 + Level 6.9 Air Magic
 + Level 6.9 Earth Magic
 + Level 6.9 Poison Magic
 + Level 9.1 Invocations
 + Level 8.3 Evocations


You had 32 spell levels left.
You knew the following spells:

 Your Spells              Type           Power      Damage    Failure   Level
a - Necrotise             Necr           100%       1d9       1%          1
b - Sandblast             Erth           50%        2d12      1%          1

Your spell library contained the following spells:

 Spells                   Type           Power      Damage    Failure   Level
 Leda's Unmaking          Conj/Erth      12%        9d3       32%         6
 Apportation              Tloc           50%        N/A       1%          1
 Summon Small Mammal      Summ           100%       N/A       1%          1
 Cigotuvi's Dreadful Rot  Necr/Pois/Air  52%        N/A       1%          2
 Ignite Poison            Fire/Tmut/Pois 25%        N/A       1%          3
 Call Canine Familiar     Summ           25%        N/A       2%          3
 Gell's Gravitas          Tloc           25%        N/A       2%          3
 Portal Projectile        Hex/Tloc       50%        N/A       2%          3
 Spider Form              Tmut/Pois      25%        N/A       2%          3
 Teleport Other           Tloc           25%        N/A       2%          3
 Tukima's Dance           Hex            25%        N/A       2%          3
 Animate Dead             Necr           27%        N/A       5%          4
 Dispel Undead            Necr           27%        3d13      5%          4
 Anguish                  Hex/Necr       13%        N/A       7%          4
 Freezing Cloud           Conj/Ice/Air   12%        6-21      7%          5
 Blade Hands              Tmut           12%        N/A       24%         5
 Death Channel            Necr           13%        N/A       65%         6
 Dispersal                Tloc           12%        N/A       80%         6
 Malign Gateway           Summ/Tloc      12%        N/A       100%        7


Dungeon Overview and Level Annotations

Branches:
Dungeon (14/15)            Temple (1/1) D:4            Lair (1/5) D:10
    Orc (1/2) D:9           Sewer (visited)
 Vaults: D:13-14

Altars:
Ashenzari
Cheibriados
Dithmenos
Elyvilon
Fedhas
Gozag
Hepliaklqana
Kikubaaqudgha
Makhleb
Nemelex Xobeh
Okawaru
Qazlal
Ru
Sif Muna
Trog
Uskayaw
Vehumet
Wu Jian
Xom
Yredelemnul
Zin
The Shining One
Lugonu

Shops:
D:3 [   D:5 ?   D:13 (

Portals:
Abyss: D:8

Annotations:
D:8 2 runed translucent doors
D:11 4 runed translucent doors


Innate Abilities, Weirdness & Mutations

You have very sharp teeth.
Your uncanny sense of smell can sniff out nearby items.
Your experience applies equally to all skills.


Message History

The orc warrior is splashed with acid!
The orc warrior is moderately wounded.
An orc sorcerer comes into view. It is wielding a +0 dagger.
The orc hits you but does no damage. You block the orc warrior's attack.
Fire: x) +3 greatsling "Punk" {acid, rCorr}
Press: ? - help, Q - select action, (/) - cycle Shift-Dir - straight line, f/p - orc warrior
Aim: an orc warrior, wielding a +0 glaive and wearing a +0 plate armour (moderately wounded, 70% to hit)
You shoot a sling bullet.
The sling bullet barely misses the orc warrior.
The orc sorcerer shouts!
The orc closely misses you. The ogre misses you.
The orc warrior hits you from afar with a +0 glaive.
Unknown command.
Fire: x) +3 greatsling "Punk" {acid, rCorr}
Press: ? - help, Q - select action, (/) - cycle Shift-Dir - straight line, f/p - orc warrior
Aim: an orc warrior, wielding a +0 glaive and wearing a +0 plate armour (moderately wounded, 70% to hit)
You shoot a sling bullet.
The sling bullet completely misses the orc warrior.
The orc barely misses you. The orc warrior misses you.
Unknown command.
Fire: x) +3 greatsling "Punk" {acid, rCorr}
Press: ? - help, Q - select action, (/) - cycle Shift-Dir - straight line, f/p - orc warrior
Aim: an orc warrior, wielding a +0 glaive and wearing a +0 plate armour (moderately wounded, 70% to hit)
You shoot a sling bullet. The sling bullet hits the orc warrior.
The orc warrior is splashed with acid.
The acid corrodes the orc warrior!
The orc warrior is severely wounded.
The ogre hits you with a +0 giant club. The orc sorcerer casts a spell at you.
The bolt of negative energy hits you!!!
You feel drained. You block the orc's attack.
The orc warrior hits you from afar with a +0 glaive!
* * * LOW HITPOINT WARNING * * *
Unknown command.
The orc sorcerer points at you and mumbles some strange words.
The bolt of fire hits you!!
* * * LOW HITPOINT WARNING * * *
You block the orc's attack. You block the ogre's attack.
The orc warrior hits you from afar with a +0 glaive!
You die...

..........
.....#....
.........#### .
#.......$#.#^.
##............
#......o...#..
#$..>..)......
#....O@o......
#.............
#.....$.......
........#.....#
.............#.
$..o...........
.#.....## .....
...... ...#.


You could see an orc sorcerer, an orc warrior (corroded), an ogre and an orc.

Vanquished Creatures
  Josephine (D:12)
  2 hydras (D:13)
  A boulder beetle (D:12)
  A centaur warrior (D:13)
  8 skeletal warriors
  4 cyclopes
  2 manticores (D:13)
  2 elephants
  Joseph (D:9)
  A gargoyle (D:11)
  A cane toad (D:10)
  An unseen horror (D:11)
  A kobold demonologist (D:11)
  5 trolls
  8 slime creatures
  4 shadows
  A vampire (D:10)
  2 wyverns
  15 yaks
  4 wraiths
  10 vampire mosquitoes
  A steam dragon (D:8)
  5 acid dragons
  3 water moccasins
  2 orc warriors
  2 black bears (D:6)
  An ice beast (D:5)
  An ogre (D:5)
  2 boggarts (D:14)
  5 centaurs
  3 kobold brigands
  5 phantoms
  5 bullfrogs
  3 scorpions
  2 wights (D:6)
  7 killer bees
  A howler monkey (D:4)
  A hound (D:6)
  3 jellies
  2 gnoll boudas
  9 orc priests
  4 iguanas
  2 sleepcaps (D:6)
  11 orc wizards
  13 gnolls
  10 adders
  A shadow imp (D:8)
  4 white imps
  3 ufetubi
  2 worms
  2 dart slugs
  40 orcs
  13 ball pythons
  7 endoplasms
  10 giant cockroaches
  6 goblins
  3 hobgoblins (D:3)
  9 jackals
  18 kobolds
  6 quokkas
  7 bats
  8 frilled lizards
  25 rats
342 creatures vanquished.

Vanquished Creatures (collateral kills)
  2 bullfrogs (Sewer)
  An adder (Sewer)
  A giant cockroach (Sewer)
  A ball python (Sewer)
  4 frilled lizards (Sewer)
  A rat (D:3)
10 creatures vanquished.

Grand Total: 352 creatures vanquished

Notes
Turn   | Place    | Note
-------+----------+-------------------------------------------
     0 | D:1      | zazu2006 the Gnoll Wanderer began the quest for the Orb.
     0 | D:1      | zazu2006 set off with the following items: a +0 hand axe, a
                  | +0 buckler, a scroll of blinking, a +0 leather armour; and
                  | the following spell memorised: Necrotise; and the following
                  | spells available to memorise: Animate Dead, Anguish.
     0 | D:1      | Reached XP level 1. HP: 17/17 MP: 8/8
   368 | D:1      | Reached XP level 2. HP: 23/23 MP: 7/10
   840 | D:1      | Reached XP level 3. HP: 28/28 MP: 8/11
  1143 | D:2      | Reached skill level 1 in Invocations
  1332 | D:2      | Reached skill level 1 in Short Blades
  1332 | D:2      | Reached skill level 1 in Long Blades
  1332 | D:2      | Reached skill level 1 in Maces & Flails
  1332 | D:2      | Reached skill level 1 in Polearms
  1332 | D:2      | Reached skill level 1 in Staves
  1332 | D:2      | Reached skill level 1 in Ranged Weapons
  1332 | D:2      | Reached skill level 1 in Armour
  1332 | D:2      | Reached skill level 1 in Dodging
  1332 | D:2      | Reached skill level 1 in Stealth
  1332 | D:2      | Reached skill level 1 in Unarmed Combat
  1332 | D:2      | Reached skill level 1 in Evocations
  1480 | D:2      | Reached XP level 4. HP: 29/34 MP: 5/13
  1767 | D:3      | Found Ypennoj's Antique Armour Boutique.
  1774 | D:3      | Bought a runed leather armour for 125 gold pieces
  1919 | D:3      | Reached skill level 1 in Conjurations
  1919 | D:3      | Reached skill level 1 in Hexes
  1919 | D:3      | Reached skill level 1 in Summonings
  1919 | D:3      | Reached skill level 1 in Translocations
  1919 | D:3      | Reached skill level 1 in Transmutations
  1919 | D:3      | Reached skill level 1 in Fire Magic
  1919 | D:3      | Reached skill level 1 in Ice Magic
  1919 | D:3      | Reached skill level 1 in Air Magic
  1919 | D:3      | Reached skill level 1 in Earth Magic
  1919 | D:3      | Reached skill level 1 in Poison Magic
  2829 | D:4      | Reached XP level 5. HP: 40/40 MP: 8/14
  3167 | D:4      | Found a staircase to the Ecumenical Temple.
  3191 | Temple   | Entered the Ecumenical Temple
  3199 | Temple   | Became a worshipper of Vehumet
  3517 | D:4      | Found a shadowy altar of Dithmenos.
  3518 | D:4      | Found a blossoming altar of Fedhas.
  3759 | D:4      | Found a hide-covered altar of Uskayaw.
  3884 | D:4      | Noticed a phantom
  3918 | D:4      | Killed a phantom
  3919 | D:4      | Reached skill level 5 in Shields
  3919 | D:4      | Reached XP level 6. HP: 38/47 MP: 16/16
  4107 | D:4      | You are sucked into a shaft and drop 1 floor!
  4107 | D:5      | Entered Level 5 of the Dungeon
  4216 | D:5      | Reached XP level 7. HP: 20/52 MP: 7/18
  4267 | D:5      | Found a glowing drain.
  4285 | Sewer    | Entered a sewer
  4375 | Sewer    | Found the +3 greatsling "Punk" {acid, rCorr}
  4388 | Sewer    | Reached * piety under Vehumet
  4388 | Sewer    | Offered knowledge of Freeze by Vehumet.
  5023 | D:5      | Found Imaarore's Magic Scroll Emporium.
  5031 | D:5      | Bought a scroll of noise for 10 gold pieces
  5115 | D:5      | Reached XP level 8. HP: 60/60 MP: 19/19
  5385 | D:6      | Reached ** piety under Vehumet
  5386 | D:6      | Reached skill level 8 in Spellcasting
  5438 | D:6      | Offered knowledge of Sandblast by Vehumet.
  5493 | D:6      | Learned a level 1 spell: Sandblast
  5600 | D:6      | Reached skill level 5 in Necromancy
  5683 | D:6      | Reached XP level 9. HP: 66/66 MP: 21/21
  5794 | D:6      | Reached skill level 5 in Fighting
  5794 | D:6      | Reached skill level 5 in Axes
  5794 | D:6      | Reached skill level 5 in Throwing
  5835 | D:6      | Found a sacrificial altar of Ru.
  5876 | D:6      | Offered knowledge of Inner Flame by Vehumet.
  6237 | D:7      | Reached *** piety under Vehumet
  6434 | D:7      | Reached skill level 5 in Invocations
  7516 | D:8      | Offered knowledge of Sticky Flame by Vehumet.
  7517 | D:8      | Reached skill level 5 in Short Blades
  7517 | D:8      | Reached skill level 5 in Long Blades
  7517 | D:8      | Reached skill level 5 in Maces & Flails
  7517 | D:8      | Reached skill level 5 in Polearms
  7517 | D:8      | Reached skill level 5 in Staves
  7517 | D:8      | Reached skill level 5 in Ranged Weapons
  7517 | D:8      | Reached skill level 5 in Armour
  7517 | D:8      | Reached skill level 5 in Dodging
  7517 | D:8      | Reached skill level 5 in Stealth
  7517 | D:8      | Reached skill level 5 in Unarmed Combat
  7517 | D:8      | Reached skill level 5 in Evocations
  7517 | D:8      | Reached XP level 10. HP: 64/76 MP: 22/22
  7762 | D:8      | Identified the +2 glaive of the Jumping Gods {spect, rF+
                  | MP+9 Int+3}
  7827 | D:8      | Found a large runed translucent door.
  7828 | D:8      | Found a large runed translucent door.
  7828 | D:8      | Found a corrupted altar of Lugonu.
  7828 | D:8      | Noticed a kobold demonologist
  7828 | D:8      | Noticed a brown ugly thing
  7892 | D:8      | Identified the +2 leather armour of Complete Protection
                  | {-Cast Rampage Str+4 Dex+5}
  7903 | D:8      | Identified the +7 quarterstaff of Gozag, Building {speed,
                  | Str-4 Dex+4}
  8051 | D:8      | Got the Tome of Contamination and the Congregation
  8223 | D:8      | Identified the +4 dagger "Jextuiq" {distort, rC+}
  8223 | D:8      | Noticed a kobold demonologist
  8241 | D:8      | Found a one-way gate to the infinite horrors of the Abyss.
  8350 | D:9      | Found a staircase to the Orcish Mines.
  8436 | D:9      | Found a sparkling altar of Nemelex Xobeh.
  8556 | D:9      | Reached skill level 9 in Spellcasting
  8636 | D:9      | Noticed Joseph
  8644 | D:9      | Killed Joseph
  9073 | D:9      | Reached **** piety under Vehumet
  9230 | D:10     | Entered Level 10 of the Dungeon
  9461 | D:10     | Offered knowledge of Lee's Rapid Deconstruction by Vehumet.
  9755 | D:10     | Reached skill level 5 in Conjurations
  9755 | D:10     | Reached skill level 5 in Hexes
  9755 | D:10     | Reached skill level 5 in Summonings
  9755 | D:10     | Reached skill level 5 in Translocations
  9755 | D:10     | Reached skill level 5 in Transmutations
  9755 | D:10     | Reached skill level 5 in Fire Magic
  9755 | D:10     | Reached skill level 5 in Ice Magic
  9755 | D:10     | Reached skill level 5 in Air Magic
  9755 | D:10     | Reached skill level 5 in Earth Magic
  9755 | D:10     | Reached skill level 5 in Poison Magic
  9755 | D:10     | Reached XP level 11. HP: 71/83 MP: 24/24
  9944 | D:10     | Found a staircase to the Lair.
 10254 | D:11     | Found a stormy altar of Qazlal.
 10378 | D:11     | Noticed a skeletal warrior
 10385 | D:11     | Noticed a skeletal warrior
 10385 | D:11     | Noticed a skeletal warrior
 10385 | D:11     | Noticed a skeletal warrior
 10640 | D:11     | Noticed a cyclops
 10645 | D:11     | Killed a cyclops
 10687 | D:10     | Killed a skeletal warrior
 10756 | D:11     | Killed a skeletal warrior
 10902 | D:11     | Reached ***** piety under Vehumet
 10946 | D:10     | Offered knowledge of Leda's Unmaking by Vehumet.
 10965 | D:10     | Reached skill level 10 in Spellcasting
 11072 | D:11     | Found a huge runed translucent gate.
 11072 | D:11     | Found a huge runed translucent gate.
 11072 | D:11     | Found a huge runed translucent gate.
 11072 | D:11     | Found a huge runed translucent gate.
 11119 | D:10     | Killed a skeletal warrior
 11167 | D:11     | Killed a skeletal warrior
 11261 | D:12     | Noticed Josephine
 11278 | D:12     | Noticed a boulder beetle
 11295 | D:11     | Reached XP level 12. HP: 64/91 MP: 26/26
 11561 | D:12     | Killed Josephine
 12371 | D:12     | Killed a boulder beetle
 12687 | D:13     | Noticed a six-headed hydra
 12696 | D:13     | Killed a six-headed hydra
 12828 | D:13     | Noticed a five-headed hydra
 12832 | D:13     | Killed a five-headed hydra
 12862 | D:13     | Noticed a centaur warrior
 12867 | D:13     | Killed a centaur warrior
 13080 | D:13     | Found Jomicor's Antique Weapon Shop.
 13209 | D:13     | Reached XP level 13. HP: 75/99 MP: 27/27
 13477 | Lair:1   | Entered Level 1 of the Lair of Beasts
 13592 | Orc:1    | Entered Level 1 of the Orcish Mines
 13595 | Orc:1    | Reached skill level 11 in Spellcasting
 13603 | Orc:1    | HP: 3/93 [orc sorcerer/bolt of fire (23)]
 13603 | Orc:1    | Mangled by an orc warrior

Illustrated notes

Levels and vault maps discovered:
D:1:      tekkud_arrival_beachfront_property, layout_loops_ring
D:2:      layout_rooms, minmay_tiny_reverse_x
D:3:      layout_loops_ring, serial_shops, shop, grunt_ministairs_15,
          minmay_rat_hole
D:4:      layout_layer_cave, mainiacjoe_overflow_six_doors_small,
          nicolae_overflow_two_pavilions, minmay_temple_entry_tees
D:5:      layout_rooms, cheibrodos_sewer_entry_bend, serial_shops, shop_scrolls
D:6:      minmay_razor_zed, layout_basic, nicolae_ru_path_of_blood, st_stairs_1
D:7:      layout_basic, corexii_item_surrounded_by_moat
D:8:      due_chaos_kobolds, layout_basic, dreamdust_princess_bridge
D:9:      layout_stronghold, mainiacjoe_overflow_paths,
          minmay_orc_entry_temple_small, uniq_joseph
D:10:     layout_loops_corners, lair_entry_dummy
D:11:     lemuel_bear_cage, layout_cave_pools, grunt_qazlal_clouds
D:12:     layout_layer_cave, uniq_josephine
D:13:     layout_rooms, serial_shops, nicolae_shop_advertising_works
          [nicolae_subvault_shop_adworks]
D:14:     layout_loops_cross, ximxim_vaults_locker_room,
          nicolae_dithmenos_through_a_glass_darkly, due_unseen_surprise,
          uniq_agnes
Temple:   sentei_temple_godly_chess
Lair:1:   layout_cave_pods, grunt_megastairs_5
Orc:1:    layout_caves, serial_shops, shop, roderic_batcave

Skill      XL: |  1  2  3  4  5  6  7  8  9 10 11 12 13 |
---------------+----------------------------------------+-----
Invocations    | 1 2 3 4 5 6 7 8 9 |  9.1
Short Blades   | 1 2 3 5 6 7 8 |  8.3
Long Blades    | 1 2 3 5 6 7 8 |  8.3
Maces & Flails | 1 2 3 5 6 7 8 |  8.3
Polearms       | 1 2 3 5 6 7 8 |  8.3
Staves         | 1 2 3 5 6 7 8 |  8.3
Ranged Weapons | 1 2 3 5 6 7 8 |  8.3
Armour         | 1 2 3 5 6 7 8 |  8.3
Dodging        | 1 2 3 5 6 7 8 |  8.3
Stealth        | 1 2 3 5 6 7 8 |  8.3
Unarmed Combat | 1 2 3 5 6 7 8 |  8.3
Evocations     | 1 2 3 5 6 7 8 |  8.3
Conjurations   | 1 2 3 4 5 6 |  6.9
Hexes          | 1 2 3 4 5 6 |  6.9
Summonings     | 1 2 3 4 5 6 |  6.9
Translocations | 1 2 3 4 5 6 |  6.9
Transmutations | 1 2 3 4 5 6 |  6.9
Fire Magic     | 1 2 3 4 5 6 |  6.9
Ice Magic      | 1 2 3 4 5 6 |  6.9
Air Magic      | 1 2 3 4 5 6 |  6.9
Earth Magic    | 1 2 3 4 5 6 |  6.9
Poison Magic   | 1 2 3 4 5 6 |  6.9
Fighting       | 3 4 5 6 7 8 |  8.7
Axes           | 3 4 5 6 7 8 |  8.7
Throwing       | 3 4 5 6 7 8 |  8.7
Necromancy     | 4 5 6 7 8 |  8.0
Shields        | 5 6 7 8 9 |  9.5
Spellcasting   | 8 9 10 11 | 11.0

Action                     |  1- 3 |  4- 6 |  7- 9 | 10-12 | 13-15 || total
---------------------------+-------+-------+-------+-------+-------++-------
  Melee: Hand axe          |       |    85 |     9 |       |       ||    94
         Bite              |       |     5 |       |       |       ||     5
         Greatsling        |       |       |     2 |       |       ||     2
   Fire: Greatsling        |       |       |   256 |   535 |    59 ||   850
   Cast: Necrotise         |    75 |   129 |    63 |     3 |       ||   270
  Evoke: Wand              |       |       |       |     3 |       ||     3
    Use: Scroll            |       |     8 |     3 |     1 |     4 ||    16
         Potion            |       |       |       |     1 |       ||     1
 Armour: Leather armour    |     8 |    82 |    33 |    86 |    34 ||   243
  Dodge: Dodged            |     7 |   102 |    60 |   213 |    65 ||   447
  Block: Buckler           |     8 |    42 |    26 |   109 |    34 ||   219

Table legend: (Time is in decaauts)
 A = Elapsed time spent in this place.
 B = Non-inter-level travel time spent in this place.
 C = Inter-level travel time spent in this place.
 D = Time resting spent in this place.
 E = Time spent auto-exploring this place.
 F = Levels seen in this place.
 G = Mean time per level.
                   A        B        C        D        E       F      G
               +--------+--------+--------+--------+--------+-----+--------+
         Total |  13795 |  13089 |    706 |    354 |  10222 |  18 |  766.4 |
       Dungeon |  13264 |  12568 |    696 |    354 |   9899 |  14 |  947.4 |
        Temple |     16 |      8 |      8 |      0 |      0 |   1 |   16.0 |
          Lair |     33 |     33 |      0 |      0 |      0 |   1 |   33.0 |
  Orcish Mines |     10 |     10 |      0 |      0 |      0 |   1 |   10.0 |
         Sewer |    469 |    469 |      0 |      0 |    323 |   1 |  469.0 |
               +--------+--------+--------+--------+--------+-----+--------+

Top non-repeatable levels by time:
    D:12: 1343 daAuts
     D:4: 1311 daAuts
    D:10: 1284 daAuts
     D:3: 1225 daAuts
     D:8: 1165 daAuts
     D:1: 1081 daAuts
     D:7: 1035 daAuts
     D:9: 1020 daAuts
     D:6: 931 daAuts
    D:11: 812 daAuts
     D:5: 744 daAuts
    D:13: 730 daAuts
     D:2: 550 daAuts
   Sewer: 469 daAuts
  Lair:1: 33 daAuts
